 Dungeon Crawl Stone Soup version 0.27.1-16-g815e20cd7a (webtiles) character file.

Game seed: 8962753717009146209

226 pkoi the Insei (level 5, -1/41 HPs)
             Began as a Demonspawn Monk on Nov 22, 2021.
             Slain by Duvessa (16 damage)
             ... on level 4 of the Dungeon.
             The game lasted 00:02:55 (3266 turns).

pkoi the Insei (Demonspawn Monk)                    Turns: 3266, Time: 00:02:56

Health: -1/41      AC:  5    Str: 12    XL:     5   Next: 69%
Magic:  5/5        EV: 12    Int: 11    God:
Gold:   59         SH:  0    Dex: 16    Spells: 4/4 levels left

rFire    . . .     SeeInvis .     - Unarmed
rCold    . . .     Faith    .   (no shield)
rNeg     . . .     Spirit   .   c - +1 troll leather armour
rPois    +         Reflect  .   (no helmet)
rElec    .         Harm     .   (no cloak)
rCorr    .         Rampage  .   (no gloves)
Will     +....                  (no boots)
Stlth    ++........             (no amulet)
HPRegen  1.13/turn              e - ring of willpower
MPRegen  0.09/turn              i - ring of poison resistance

@: no status effects
A: talons 1, spiny 2
a: no special abilities


You were on level 4 of the Dungeon.
You visited 1 branch of the dungeon, and saw 4 of its levels.

You collected 59 gold pieces.

Inventory:

Armour
 a - a +0 robe
 c - a +1 troll leather armour (worn)
Jewellery
 e - a ring of willpower (left hand)
 i - a ring of poison resistance (right hand)
Scrolls
 d - a scroll of summoning
Potions
 b - 2 potions of degeneration {unknown}
 f - a potion of flight
 h - a potion of curing
 j - 2 potions of heal wounds {unknown}
 l - a potion of attraction {unknown}


   Skills:
 - Level 3.0 Fighting
 - Level 2.6 Dodging
 - Level 1.7 Stealth
 + Level 5.9 Unarmed Combat


You had 4 spell levels left.
You didn't know any spells.
Your spell library contained the following spells:

 Spells                   Type           Power      Damage    Failure   Level
 Ozocubu's Armour         Ice            0%         N/A       80%         3
 Ozocubu's Refrigeration  Ice            0%         4d5       100%        7


Dungeon Overview and Level Annotations

Branches:
Dungeon (4/15)
 Temple: D:4-7

Altars:
Cheibriados
Ru

Shops:
D:2 [

Annotations:
D:2 Natasha, Sigmund
D:4 Duvessa, Ijyb


Innate Abilities, Weirdness & Mutations

You have sharp toenails.
You are mostly covered in sharp spines.


Message History

No target in view!
No target in view!
No target in view!
No target in view!
You now have 59 gold pieces (gained 12).
Things that are here:
a jackal corpse; a ball python corpse Duvessa is nearby!
Duvessa is nearby!
Duvessa is nearby!
Duvessa goes berserk!
You hear a shout!
You completely miss Duvessa. Your kick misses Duvessa.
Duvessa is struck by your spines. Duvessa hits you with a +0 rapier!
A giant cockroach comes into view.
You hit Duvessa but do no damage. You claw Duvessa, but do no damage.
Duvessa is lightly wounded.
Duvessa is struck by your spines. Duvessa hits you with a +0 rapier!
* * * LOW HITPOINT WARNING * * *
Duvessa barely misses you.
You are too injured to fight recklessly!
You are too injured to fight recklessly!
You are too injured to fight recklessly!
You are too injured to fight recklessly!
You are too injured to fight recklessly!
You are too injured to fight recklessly!
You are too injured to fight recklessly!
You hit Duvessa but do no damage.
Duvessa is lightly wounded.
Duvessa barely misses you.
Ijyb the Twisted Goblin comes into view.
She is wielding a +2 spectral club and carrying a wand of acid (9).
You hit Duvessa but do no damage.
Duvessa is lightly wounded.
Duvessa is struck by your spines. Duvessa hits you with a +0 rapier!
* * * LOW HITPOINT WARNING * * *
You punch Duvessa! You claw Duvessa.
Duvessa is heavily wounded.
Duvessa is struck by your spines. Duvessa barely misses you.
Duvessa hits you with a +0 rapier!
You die...

.# .# .## ..#
###########.#########..#
#....#....#.#...(#.....#
.#..#.............#....#
..........#.#†........#
............[......).##
####.......####.........
#..........#<..@##.#####
#.##.......###.e# ..#
##.########...[.(# .#
...# ######B# .# #<.#
..# # #.## #g# #.. #..
#### #.#


You could see Duvessa (berserk), Ijyb and a giant cockroach.

Vanquished Creatures
  Dowan (D:4)
  A centaur skeleton (D:4)
  A bullfrog skeleton (D:3)
  A hound skeleton (D:3)
  2 adders (D:2)
  3 gnolls (D:1)
  An adder skeleton (D:4)
  3 dart slugs
  5 ball pythons
  6 endoplasms
  3 giant cockroaches
  4 goblins
  2 hobgoblins
  6 jackals
  3 quokkas
  3 bats (D:2)
  A frilled lizard (D:2)
  6 kobolds
  3 rats
55 creatures vanquished.

Notes
Turn   | Place    | Note
-------+----------+-------------------------------------------
     0 | D:1      | pkoi the Demonspawn Monk began the quest for the Orb.
     0 | D:1      | Reached XP level 1. HP: 18/18 MP: 1/1
    78 | D:1      | Reached skill level 3 in Unarmed Combat
   453 | D:1      | Gained mutation: You are partially covered in sharp spines.
                  | [demonic ancestry]
   453 | D:1      | Reached XP level 2. HP: 24/24 MP: 2/2
  1369 | D:2      | Noticed Natasha
  1369 | D:2      | Noticed Sigmund
  1632 | D:1      | Gained mutation: You are mostly covered in sharp spines.
                  | [demonic ancestry]
  1632 | D:1      | Reached XP level 3. HP: 10/29 MP: 3/3
  1850 | D:1      | Reached skill level 4 in Unarmed Combat
  2161 | D:2      | Reached XP level 4. HP: 32/35 MP: 4/4
  2371 | D:2      | Found Sovapumo's Antique Armour Shop.
  2960 | D:3      | Found a snail-covered altar of Cheibriados.
  2961 | D:3      | Found a sacrificial altar of Ru.
  2971 | D:3      | Reached skill level 5 in Unarmed Combat
  3176 | D:2      | Gained mutation: You have sharp toenails. [demonic
                  | ancestry]
  3176 | D:2      | Reached XP level 5. HP: 35/41 MP: 5/5
  3199 | D:4      | Noticed Dowan
  3202 | D:4      | Noticed Duvessa
  3208 | D:4      | Killed Dowan
  3264 | D:4      | Noticed Ijyb
  3266 | D:4      | Slain by Duvessa

Illustrated notes

Levels and vault maps discovered:
D:1:      giann_horns, layout_basic
D:2:      layout_basic, basic_ecumenical_altar, serial_shops,
          nicolae_shop_behind_doors, uniq_natasha, uniq_sigmund
D:3:      layout_rooms, mainiacjoe_overflow_divided_tiny
D:4:      wad_river_or_something, layout_basic, uniq_pikel, uniq_ijyb,
          uniq_duvessa

Skill      XL: |  1  2  3  4 |
---------------+-------------+-----
Unarmed Combat | 3 4 5 |  5.9
Fighting       | |  3.0
Dodging        | |  2.6
Stealth        | |  1.7

Action                   |  1- 3 |  4- 6 || total
-------------------------+-------+-------++-------
Melee: Unarmed           |    72 |    56 ||   128
       Punch             |     2 |     1 ||     3
       Kick              |       |     7 ||     7
  Use: Scroll            |       |     6 ||     6
 Stab: Sleeping          |     3 |       ||     3
Armor: Robe              |     7 |     3 ||    10
       Troll leather arm |       |     9 ||     9
Dodge: Dodged            |    45 |    24 ||    69
